 Dungeon Crawl Stone Soup version 0.16.1-4-g8e1b745 (webtiles) character file.

21 vatarom the Conjurer (level 2, 0/20 HPs)
             Began as a Draconian Conjurer on Mar 26, 2015.
             Slain by Ijyb (2 damage)
             ... on level 2 of the Dungeon.
             The game lasted 00:02:18 (854 turns).

vatarom the Conjurer (Draconian Conjurer)            Turns: 854, Time: 00:02:18

Health: 0/20       AC:  4    Str: 10    XL:     2   Next: 65%
Magic:  1/6        EV: 12    Int: 15    God:
Gold:   22         SH:  0    Dex: 11    Spells: 2 memorised, 4 levels left

rFire  . . .     SeeInvis .     a - +0 dagger
rCold  . . .     Clarity  .     (armour unavailable)
rNeg   . . .     SustAb   .     (no shield)
rPois  .         Gourm    .     (helmet restricted)
rElec  .         Spirit   .     (no cloak)
rCorr  .         Warding  .     (no gloves)
rMut   .         Stasis   .     (no boots)
MR     .....                    (no amulet)
Stlth  ++........               (no ring)
                                (no ring)

@: not resistant to hostile enchantments, unstealthy
A: unfitting armour, screaming 1, slow healing 1, spit poison 1, cold-blooded,
AC +4
a: Spit Poison


You were on level 2 of the Dungeon.
You were not hungry.

You visited 1 branch of the dungeon, and saw 2 of its levels.

You collected 22 gold pieces.

Inventory:

Hand weapons
 a - a +0 dagger (weapon)
Missiles
 e - 3 stones (quivered)
Scrolls
 f - a scroll of identify
Books
 c - a book of Conjurations

   Spells                             Type                      Level
   a - Magic Dart                     Conjuration                  1
   b - Searing Ray                    Conjuration                  2
   c - Dazzling Spray                 Conjuration/Hexes            3
   d - Fulminant Prism                Conjuration/Hexes            4
   e - Iskenderun's Mystic Blast      Conjuration                  4
   f - Iskenderun's Battlesphere      Conjuration/Charms           5
Comestibles
 b - a bread ration
 d - 2 meat rations
 h - a slice of pizza
 i - 2 beef jerkies


   Skills:
 - Level 1.7 Dodging
 - Level 1.7 Stealth
 + Level 3.1 Spellcasting
 - Level 4.0 Conjurations


You had 4 spell levels left.
You knew the following spells:

 Your Spells              Type           Power        Failure   Level  Hunger
a - Magic Dart            Conj           ##..         4%          1    #......
b - Searing Ray           Conj           ##....       8%          2    ##.....


Dungeon Overview and Level Annotations

Branches:
Dungeon (2/15)

Altars:

Annotations:
D:2 Ijyb


Innate Abilities, Weirdness & Mutations

Your plain brown scales are hard (AC +4).
Your body does not fit into most forms of armour.
Your cold-blooded metabolism reacts poorly to cold.
You occasionally shout uncontrollably at your foes.
You heal slowly when monsters are visible.
You can spit poison.


Message History

Ijyb is heavily wounded.
Ijyb barely misses you.
You barely miss Ijyb.
Ijyb is heavily wounded.
Ijyb hits you.
* * * LOW HITPOINT WARNING * * *
You hit Ijyb but do no damage. You tail-slap Ijyb, but do no damage.
Ijyb is heavily wounded.
Ijyb barely misses you.
You miss Ijyb.
Ijyb is heavily wounded.
Ijyb hits you.
* * * LOW HITPOINT WARNING * * *
You closely miss Ijyb.
Ijyb is heavily wounded.
Ijyb completely misses you.
You hit Ijyb but do no damage.
Ijyb is heavily wounded.
Ijyb hits you.
You die...

### ##.## #.>.#
#...# #...# ##...#
#....# #..†## ##.@.#
#..g.# ###.. #..#..#
..... ....##..#
....# ..### #..#
....### ... ####.#.#
...... ... #......#
....###....
#......############
..........#
#..†...#.....#.....#


You could see Ijyb.

Vanquished Creatures
  A giant gecko (D:1)
  5 bats
  4 kobolds
  A quokka (D:2)
  A giant cockroach (D:1)
  A giant newt (D:1)
  3 goblins
  4 rats
20 creatures vanquished.

Notes
Turn   | Place    | Note
--------------------------------------------------------------
     0 | D:1      | vatarom, the Draconian Conjurer, began the quest for the Orb.
     0 | D:1      | Reached XP level 1. HP: 14/14 MP: 3/3
     6 | D:1      | Noticed a hound
     6 | D:1      | Noticed a black bear
     6 | D:1      | Noticed an anaconda
     6 | D:1      | Noticed a fire drake
     6 | D:1      | Noticed a redback
   376 | D:1      | Reached XP level 2. HP: 15/20 MP: 3/5
   409 | D:1      | Learned a level 2 spell: Searing Ray
   717 | D:2      | Gained mutation: You can spit poison. [potion of mutation]
   717 | D:2      | Gained mutation: You heal slowly when monsters are visible. [potion of mutation]
   717 | D:2      | Gained mutation: You occasionally shout uncontrollably at your foes. [potion of mutation]
   779 | D:2      | Noticed Ijyb
   854 | D:2      | Slain by Ijyb

Action                   || total
-------------------------++-------
Melee: Unarmed           ||    18
       Dagger            ||    66
Throw: Stone             ||     1
 Cast: Magic Dart        ||    28
       Searing Ray       ||     1
 Abil: Spit Poison       ||     2
  Use: Potion            ||     5
       Scroll            ||     7
